 Dungeon Crawl Stone Soup version 0.30-a0-916-g9813417 (webtiles) character file.

Game seed: 11262861777077109772

1008 Think the Ducker (level 8, 0/46 HPs)
             Began as an Octopode Hedge Wizard on Mar 27, 2023.
             Slain by a wyvern zombie (6 damage)
             ... in an ossuary.
             The game lasted 00:34:57 (6241 turns).

Think the Ducker (Octopode Hedge Wizard)            Turns: 6241, Time: 00:34:58

Health: 0/46       AC:  3    Str:  8    XL:     8   Next: 20%
Magic:  8/12       EV: 16    Int: 17    God:
Gold:   144        SH:  3    Dex: 16    Spells: 5/13 levels left

rFire   . . .      SeeInvis .    a - +0 dagger
rCold   . . .      Faith    .    d - +0 buckler
rNeg    . . .      Spirit   .    b - +0 hat
rPois   .          Reflect  .    (no amulet)
rElec   .          Rampage  .    r - ring of resist corrosion
rCorr   +          Clarity  +    (no ring)
Will    .....                    (no ring)
Stlth   +++                      (no ring)
HPRegen 0.27/turn                (no ring)
MPRegen 0.13/turn                (no ring)
                                 (no ring)
                                 (no ring)

@: on blink cooldown
A: almost no armour, amphibious, 8 rings, camouflage 1, gelatinous body 1,
(nimble swimmer 1), tentacles, iridescent scales 1, agile 1, clarity
a: no special abilities


You were in an ossuary.
You visited 1 branch of the dungeon, and saw 5 of its levels.
You also visited: Ossuary.

You collected 144 gold pieces.

Inventory:

Hand Weapons
 a - a +0 dagger (weapon)
Armour
 b - a +0 hat (worn)
 d - a +0 buckler (worn)
 o - an orb of guile
Jewellery
 r - a ring of resist corrosion (left tentacle)
Scrolls
 g - 5 scrolls of teleportation
 h - a scroll of fog
 j - a scroll of fear {unknown}
 l - a scroll of vulnerability {unknown}
 m - a scroll of magic mapping {unknown}
 n - a scroll of enchant weapon
 q - a scroll of immolation {unknown}
 t - a scroll of noise
 u - 2 scrolls of blinking
Potions
 c - a potion of magic
 i - a potion of resistance
 k - a potion of mutation
 p - a potion of curing


   Skills:
 * Level 7.5 Dodging
 - Level 2.6 Stealth
 - Level 3.0 Spellcasting
 - Level 4.8 Conjurations
 - Level 1.0 Summonings
 - Level 3.0 Translocations


You had 5 spell levels left.
You knew the following spells:

 Your Spells              Type           Power      Damage    Failure   Level
a - Magic Dart            Conj           76%        1d6       3%          1
b - Blink                 Tloc           24%        N/A       11%         2
c - Irradiate             Conj/Tmut      5%         3d13      94%         5

Your spell library contained the following spells:

 Spells                   Type           Power      Damage    Failure   Level
 Slow                     Hex            8%         N/A       24%         1
 Call Imp                 Summ           5%         N/A       24%         2
 Hailstorm                Conj/Ice       10%        3d5       26%         3
 Cigotuvi's Dreadful Rot  Necr/Pois/Air  4%         N/A       34%         2
 Sublimation of Blood     Necr           2%         N/A       34%         2
 Mephitic Cloud           Conj/Pois/Air  8%         N/A       36%         3
 Ice Form                 Ice/Tmut       2%         N/A       93%         4
 Petrify                  Tmut/Erth      2%         N/A       93%         4
 Simulacrum               Ice/Necr       1%         N/A       100%        6


Dungeon Overview and Level Annotations

Branches:
Dungeon (5/15)            Ossuary (1/1)
 Temple: D:4-7

Altars:
Cheibriados
Kikubaaqudgha
Qazlal
Ru
Yredelemnul

Annotations:
D:3 2 transporters, Menkaure
D:5 2 runed translucent doors


Innate Abilities, Weirdness & Mutations

You cannot wear most types of armour.
You are amphibious.
You can wear up to eight rings at the same time.
Your skin changes colour to match your surroundings (Stealth+).
Your rubbery body absorbs attacks. (AC +1, EV +1)
((You are camouflaged when in or above water. (Stealth+)))
You have tentacles for arms and can constrict up to eight enemies at once.
You are partially covered in iridescent scales. (AC +2)
You are agile. (Dex +4, Str/Int -1)
You possess an exceptional clarity of mind.


Message History

You hit the bullfrog zombie. You squeeze the bullfrog zombie.
You destroy the bullfrog zombie!
You hit the wyvern zombie.
The wyvern zombie is lightly damaged.
The wyvern zombie bites you!
You hit the wyvern zombie.
The wyvern zombie is lightly damaged.
The wyvern zombie barely misses you.
The wyvern zombie completely misses you.
You hit the wyvern zombie.
The wyvern zombie is lightly damaged.
The wyvern zombie misses you.
You hit the wyvern zombie but do no damage.
You squeeze the wyvern zombie!
The wyvern zombie is moderately damaged.
The wyvern zombie closely misses you.
You hit the wyvern zombie.
The wyvern zombie is moderately damaged.
The wyvern zombie bites you but does no damage.
The wyvern zombie closely misses you.
You hit the wyvern zombie but do no damage.
You squeeze the wyvern zombie!
The wyvern zombie is heavily damaged.
The wyvern zombie barely misses you.
You hit the wyvern zombie but do no damage.
The wyvern zombie is heavily damaged.
The wyvern zombie bites you.
You hit the wyvern zombie. You squeeze the wyvern zombie!
The wyvern zombie is almost destroyed.
The wyvern zombie closely misses you. x2
You barely miss the wyvern zombie.
The wyvern zombie is almost destroyed.
The wyvern zombie bites you!
* * * LOW HITPOINT WARNING * * *
Casting: Magic Dart (safe; 3% risk of failure)
Confirm with . or Enter, or press ? or * to list all spells.
You blink.
A mummy comes into view.
Found a potion of lignification.
The wyvern zombie bites you.
You die...

##### # # #.#.#
###'#'#'#@#'#.~
#.'..M.ZZZ.M..~~'
###.##'##'##'##.#
#§..#.# !#
#.∩.### # #..∩#
#####


You could see 2 mummies, 2 wyvern zombies and a killer bee zombie.

Vanquished Creatures
  A centaur (D:5)
  2 phantoms
  2 scorpions (D:4)
  A water moccasin zombie (Ossuary)
  3 bullfrog zombies (Ossuary)
  2 centaur zombies (Ossuary)
  A jelly (D:4)
  An orc priest (D:3)
  2 hounds
  2 iguanas (D:5)
  An orc wizard (D:3)
  2 killer bee zombies (Ossuary)
  4 mummies (Ossuary)
  A howler monkey zombie (Ossuary)
  A gnoll (D:1)
  5 adders
  An ufetubus (D:5)
  3 dart slugs
  3 orcs (D:3)
  13 ball pythons
  6 bats
  4 endoplasms
  3 giant cockroaches
  9 goblins
  6 hobgoblins
  6 quokkas
  3 frilled lizards
  10 kobolds
  4 rats
102 creatures vanquished.

Vanquished Creatures (others)
  A plant (D:2)
  A withered plant (Ossuary)
2 creatures vanquished.

Grand Total: 104 creatures vanquished

Notes
Turn   | Place    | Note
-------+----------+-------------------------------------------
     0 | D:1      | Think the Octopode Hedge Wizard began the quest for the
                  | Orb.
     0 | D:1      | Reached XP level 1. HP: 11/11 MP: 4/4
     2 | D:1      | Noticed a merfolk zombie
   160 | D:1      | Reached XP level 2. HP: 17/17 MP: 1/6
   520 | D:1      | Reached skill level 3 in Dodging
   563 | D:1      | Reached XP level 3. HP: 21/21 MP: 3/7
  1373 | D:1      | Learned a level 2 spell: Blink
  1388 | D:2      | HP: 1/21 [ball python (1)]
  1395 | D:1      | HP: 1/21 [ball python (1)]
  1859 | D:2      | Reached XP level 4. HP: 27/27 MP: 2/8
  2159 | D:2      | Found a faded altar of an unknown god.
  2947 | D:3      | Gained mutation: You have supernaturally acute eyesight.
                  | (SInv) [potion of mutation]
  2947 | D:3      | Gained mutation: You are dopey. (Int -2) [potion of
                  | mutation]
  2950 | D:3      | Reached XP level 5. HP: 16/31 MP: 0/9
  3030 | D:2      | Lost mutation: You are dopey. (Int -2) [potion of mutation]
  3030 | D:2      | Lost mutation: You have supernaturally acute eyesight.
                  | (SInv) [potion of mutation]
  3030 | D:2      | Gained mutation: You are agile. (Dex +4, Str/Int -1)
                  | [potion of mutation]
  3030 | D:2      | Gained mutation: You are partially covered in iridescent
                  | scales. (AC +2) [potion of mutation]
  3030 | D:2      | Gained mutation: You possess an exceptional clarity of
                  | mind. [potion of mutation]
  3751 | D:3      | Found a sacrificial altar of Ru.
  4010 | D:3      | Found a basalt altar of Yredelemnul.
  4012 | D:3      | Noticed Menkaure
  4014 | D:3      | Found an ancient bone altar of Kikubaaqudgha.
  4017 | D:3      | Found a transporter.
  4036 | D:3      | Found a transporter.
  4227 | D:4      | Found a stormy altar of Qazlal.
  4328 | D:4      | Noticed a phantom
  4373 | D:4      | Killed a phantom
  4374 | D:4      | Reached XP level 6. HP: 30/36 MP: 1/10
  4599 | D:4      | Found a snail-covered altar of Cheibriados.
  4803 | D:4      | Learned a level 5 spell: Irradiate
  5018 | D:4      | Reached skill level 4 in Dodging
  5079 | D:4      | Reached XP level 7. HP: 41/41 MP: 6/11
  5327 | D:5      | Entered Level 5 of the Dungeon
  5338 | D:5      | Reached skill level 5 in Dodging
  5620 | D:5      | Reached skill level 6 in Dodging
  5713 | D:5      | Found a runed translucent door.
  5714 | D:5      | Found a runed translucent door.
  5714 | D:5      | Noticed a vampire mosquito
  5765 | D:5      | Found a sand-covered staircase.
  5770 | Ossuary  | Entered an ossuary
  5973 | Ossuary  | Reached XP level 8. HP: 22/46 MP: 7/12
  6121 | Ossuary  | Reached skill level 7 in Dodging
  6241 | Ossuary  | Slain by a wyvern zombie

Illustrated notes

Levels and vault maps discovered:
D:1:      shiori_arrival_whats_in_store_for_you, layout_basic, serial_forest,
          infiniplex_forest_clump_medium, infiniplex_forest_straight_4,
          infiniplex_forest_clump_C, infiniplex_forest_clump_diagonal,
          infiniplex_forest_end_3, infiniplex_forest_clump_small,
          infiniplex_forest_lined_ring
D:2:      layout_basic, hellmonk_ecumenical_altar_prayer_group,
          minmay_shallow_snake_nest
D:3:      layout_basic, gammafunk_temple_of_torment,
          nicolae_ru_great_annihilating_truth, st_stairs_3
D:4:      layout_loops_corners, lemuel_crystal_altar,
          nicolae_qazlal_general_emergency
D:5:      lemuel_insect_pit, layout_rooms, serial_glass, glass_columns_b,
          glass_columns_b, enter_ossuary_5
Ossuary:  ossuary_zaba_flooded

Skill      XL: |  1  2  3  4  5  6  7  8 |
---------------+-------------------------+-----
Dodging        | 3 4 6 7 |  7.5
Conjurations   | 2 3 4 |  4.8
Translocations | 2 3 |  3.0
Stealth        | |  2.6
Spellcasting   | |  3.0
Summonings     | |  1.0

Action                     |  1- 3 |  4- 6 |  7- 9 || total
---------------------------+-------+-------+-------++-------
  Melee: Dagger            |    32 |    78 |   122 ||   232
         Tentacles         |     5 |    10 |    38 ||    53
         Constrict         |     8 |    13 |    15 ||    36
         Punch             |       |       |     1 ||     1
   Cast: Magic Dart        |    49 |   106 |    56 ||   211
         Blink             |     5 |     1 |     6 ||    12
    Use: Potion            |     2 |     6 |     2 ||    10
         Scroll            |     2 |     2 |     3 ||     7
   Stab: Sleeping          |     1 |       |       ||     1
 Armour: Skin              |     7 |    20 |    21 ||    48
  Dodge: Dodged            |    80 |    36 |   127 ||   243
  Block: Buckler           |    11 |     8 |    17 ||    36

Table legend: (Time is in decaauts)
 A = Elapsed time spent in this place.
 B = Non-inter-level travel time spent in this place.
 C = Inter-level travel time spent in this place.
 D = Time resting spent in this place.
 E = Time spent auto-exploring this place.
 F = Levels seen in this place.
 G = Mean time per level.
                   A        B        C        D        E       F      G
               +--------+--------+--------+--------+--------+-----+--------+
         Total |   6238 |   6089 |    149 |    794 |   4263 |   6 | 1039.7 |
       Dungeon |   5782 |   5633 |    149 |    474 |   4263 |   5 | 1156.4 |
       Ossuary |    456 |    456 |      0 |    320 |      0 |   1 |  456.0 |
               +--------+--------+--------+--------+--------+-----+--------+

Top non-repeatable levels by time:
     D:3: 1583 daAuts
     D:1: 1335 daAuts
     D:4: 1283 daAuts
     D:2: 1266 daAuts
 Ossuary: 456 daAuts
     D:5: 312 daAuts
